 Dungeon Crawl Stone Soup version 0.31.0-11-ge490571c62 (webtiles) character file.

Game seed: 10292052676227677682

10291 jasper the Covert (level 11, -5/68 HPs)
             Began as a Vampire Berserker on Feb 1, 2024.
             Was an Elder of Trog.
             Slain by a troll (9 damage)
             ... on level 10 of the Dungeon.
             The game lasted 00:17:04 (10155 turns).

jasper the Covert (Vampire Berserker)              Turns: 10155, Time: 00:17:04

Health: -5/68      AC:  8    Str: 16    XL:     11   Next: 34%
Magic:  11/11      EV: 17    Int: 10    God:    Trog [****..]
Gold:   592        SH:  0    Dex: 18    Spells: 10/10 levels left

rFire   + . .        g - +1 dagger (venom)
rCold   + + .        (no shield)
rNeg    + + +        t - +0 troll leather armour
rPois   ∞            d - +2 helmet
rElec   .            (no cloak)
rCorr   .            (no gloves)
SInv    +            n - +0 pair of boots
Will    +....        (no amulet)
Stlth   +++++++      p - ring of protection from fire
HPRegen 0.00/turn    (no ring)
MPRegen 0.12/turn

%: no passive effects
@: bloodless, inhibited regen
A: bloodless, fangs 3, see invisible, vampiric 2
a: Bat Form, Revivify, Renounce Religion, Trog's Hand, Brothers in Arms


You were on level 10 of the Dungeon.
You worshipped Trog.
Trog was greatly pleased with you.
You visited 1 branch of the dungeon, and saw 10 of its levels.

You collected 987 gold pieces.
You spent 395 gold pieces at shops.

Inventory:

Hand Weapons
 a - a +0 short sword
 g - a +1 dagger of venom (weapon)
 B - a +1 scimitar of flaming
 J - a +1 dagger of electrocution
Missiles
 i - 78 stones
 k - 8 boomerangs
 r - 4 poisoned darts
 s - a curare-tipped dart
 v - 2 throwing nets (quivered)
 x - 2 javelins
Armour
 b - a +0 animal skin
 d - a +2 helmet (worn)
 h - a +0 scale mail
 n - a +0 pair of boots (worn)
 o - a +0 ring mail
 t - a +0 troll leather armour (worn)
 w - +0 acid dragon scales
 y - a +2 ring mail of cold resistance
 G - a +2 robe of fire resistance
Jewellery
 p - a ring of protection from fire (left hand)
 q - a ring of positive energy
 C - a +6 ring of strength
 I - the ring of Ylemug {Wiz rC+}
   (You found it on level 9 of the Dungeon)

   [ring of wizardry]

   Wiz:       It improves your spell success rate.
   rC+:       It protects you from cold.
Wands
 c - a wand of mindburst (14)
Scrolls
 l - 4 scrolls of teleportation
 D - 2 scrolls of vulnerability
 E - 2 scrolls of identify
 F - a scroll of blinking
Potions
 e - 3 potions of attraction
 f - a potion of berserk rage
 j - 6 potions of curing
 m - 2 potions of heal wounds
 u - 5 potions of haste
 z - a potion of ambrosia {unknown}
 A - 2 potions of lignification {unknown}
 H - a potion of mutation {unknown}
 K - a potion of brilliance {unknown}


   Skills:
 + Level 7.9 Fighting
 - Level 10.0 Short Blades
 + Level 6.9 Armour
 + Level 9.1 Dodging
 + Level 11.9 Stealth


You had 10 spell levels left.
You didn't know any spells.
Your spell library was empty.

Dungeon Overview and Level Annotations

Branches:
Dungeon (10/15)            Temple (0/1) D:4            Lair (0/5) D:9
    Orc (0/2) D:9

Altars:
Ashenzari
Dithmenos
Kikubaaqudgha
Okawaru
Ru
Trog
Uskayaw
Vehumet

Shops:
D:7 !(*?

Annotations:
D:9 exclusion: obsidian statue


Innate Abilities, Weirdness & Mutations

You do not regenerate when monsters are visible.
You are frail without blood (-20% HP).
You can heal yourself when you bite living creatures.
You are immune to poison.
You have razor-sharp teeth.
You have supernaturally acute eyesight. (SInv)
You are afflicted with vampirism and can become a bat while bloodless.


Message History

The troll is moderately wounded.
The troll bites you! The troll misses you. The troll claws you.
You hit the troll.
The troll looks as sick as possible!
The troll is moderately wounded.
You hit the troll.
The troll is heavily wounded.
The troll bites you. The troll completely misses you. The troll claws you.
You hit the troll.
The troll looks as sick as possible!
The troll is heavily wounded.
You closely miss the troll.
The troll is heavily wounded.
The troll closely misses you. The troll claws you. The troll barely misses you.
You barely miss the troll. You bite the troll.
You draw the troll's blood!
You feel better.
The troll is heavily wounded.
You hit the troll but do no damage.
The troll looks as sick as possible!
The troll is severely wounded.
The troll closely misses you. The troll completely misses you.
The troll claws you!
You hit the troll.
The troll looks as sick as possible!
The troll is severely wounded.
You hit the troll.
The troll looks as sick as possible!
The troll is almost dead.
The troll barely misses you. The troll claws you.
* * * LOW HITPOINT WARNING * * *
The troll claws you!
* * * LOW HITPOINT WARNING * * *
You hit the troll but do no damage.
The troll looks as sick as possible!
The troll is severely wounded.
You closely miss the troll.
The troll is almost dead.
The troll barely misses you. x2; The troll misses you.
You hit the troll but do no damage.
The troll is almost dead.
You hit the troll.
The troll looks as sick as possible!
The troll is almost dead.
The troll bites you.
* * * LOW HITPOINT WARNING * * *
The troll claws you!
You die...

.._....###...#
......##...#.# ##
.....##..### .. .#
#...##....######.####
## ##...#.##...#.....
.###..#.#.#.....#
..#...#.#....#..#
#.#.###.###.##..####.#
#.......# #.##..@T...#
##...####
#.###.###....# .....#
#.. #.# ### ##.#.# ###
#.# #...... #..
###.### ### .#


You could see a troll (extremely poisoned).

Vanquished Creatures
  A centaur warrior (D:9)
  Erica (D:8)
  Lodul (D:10)
  Joseph (D:7)
  Jeremiah (D:7)
  Maggie (D:7)
  Psyche (D:8)
  A troll (D:10)
  6 yaks (D:8)
  Sigmund (D:2)
  4 wyverns
  2 steam dragons
  Edmund (D:4)
  Menkaure (D:7)
  Duvessa (D:7)
  6 water moccasins
  An ice beast (D:8)
  6 orc warriors
  3 black bears (D:9)
  8 ogres
  A wolf (D:9)
  A centaur (D:9)
  4 phantoms
  A kobold brigand (D:10)
  5 bullfrogs
  A gnoll sergeant (D:8)
  3 scorpions
  8 wights
  Dowan (D:7)
  An electric eel (D:9)
  4 howler monkeys
  A bombardier beetle (D:6)
  2 hounds
  8 orc priests
  A sleepcap (D:6)
  A gnoll bouda (D:5)
  4 iguanas
  Terence (D:2)
  9 orc wizards
  Robin (D:2)
  12 gnolls
  8 adders
  A white imp (D:6)
  4 ufetubi
  3 dart slugs
  A ribbon worm (D:4)
  55 orcs
  11 ball pythons
  11 bats
  8 endoplasms
  2 giant cockroaches
  15 goblins
  3 hobgoblins
  3 jackals (D:1)
  12 kobolds
  3 quokkas
  5 frilled lizards
  5 rats
268 creatures vanquished.

Notes
Turn   | Place    | Note
-------+----------+-------------------------------------------
     0 | D:1      | jasper the Vampire Berserker began the quest for the Orb.
     0 | D:1      | Reached XP level 1. HP: 17/17 MP: 1/1
   145 | D:1      | Reached XP level 2. HP: 14/23 MP: 2/2
   482 | D:1      | Gained mutation: You are afflicted with vampirism and can
                  | become a bat while bloodless. [Vampire growth]
   482 | D:1      | Reached XP level 3. HP: 29/29 MP: 3/3
   583 | D:1      | Reached ** piety under Trog
   981 | D:2      | Noticed Robin
   993 | D:2      | Killed Robin
  1003 | D:2      | Reached XP level 4. HP: 28/35 MP: 4/4
  1094 | D:2      | Noticed Terence
  1103 | D:2      | Killed Terence
  1505 | D:2      | Reached skill level 5 in Short Blades
  1511 | D:2      | Noticed Sigmund
  1523 | D:2      | Killed Sigmund
  1524 | D:2      | Reached XP level 5. HP: 37/41 MP: 5/5
  1524 | D:2      | Reached XP level 6. HP: 42/47 MP: 6/6
  1788 | D:3      | Found an iron altar of Okawaru.
  2459 | D:4      | Noticed Edmund
  2470 | D:4      | Killed Edmund
  2610 | D:4      | Found a staircase to the Ecumenical Temple.
  2662 | D:4      | Reached XP level 7. HP: 51/52 MP: 7/7
  2872 | D:4      | Found an ancient bone altar of Kikubaaqudgha.
  3439 | D:5      | Entered Level 5 of the Dungeon
  3577 | D:5      | Reached *** piety under Trog
  3819 | D:5      | Reached skill level 10 in Short Blades
  3869 | D:5      | Found a broken altar of Ashenzari.
  3910 | D:5      | Reached skill level 1 in Stealth
  3961 | D:5      | Reached XP level 8. HP: 58/58 MP: 8/8
  4267 | D:5      | Reached skill level 2 in Stealth
  4534 | D:5      | Found a sacrificial altar of Ru.
  4649 | D:6      | Found a radiant altar of Vehumet.
  4667 | D:6      | Found a shadowy altar of Dithmenos.
  4688 | D:6      | Reached skill level 3 in Stealth
  4936 | D:6      | Reached skill level 4 in Stealth
  5365 | D:6      | Reached skill level 5 in Stealth
  5621 | D:7      | Noticed Duvessa
  5621 | D:7      | Noticed Dowan
  5635 | D:7      | Killed Duvessa
  5648 | D:7      | Reached skill level 5 in Dodging
  5648 | D:7      | Reached XP level 9. HP: 66/66 MP: 9/9
  5657 | D:7      | Killed Dowan
  5709 | D:7      | Found Sutezoog's Distillery.
  5717 | D:7      | Bought a potion of curing for 42 gold pieces
  5717 | D:7      | Bought a potion of curing for 42 gold pieces
  5717 | D:7      | Bought a potion of haste for 140 gold pieces
  5717 | D:7      | Bought a potion of haste for 140 gold pieces
  5717 | D:7      | Noticed Menkaure
  5726 | D:7      | Killed Menkaure
  5727 | D:7      | Reached skill level 6 in Stealth
  5803 | D:7      | Found Pexiegoy's Weapon Shoppe.
  5919 | D:7      | Noticed Maggie
  5948 | D:7      | Killed Maggie
  5949 | D:7      | Reached skill level 5 in Fighting
  5984 | D:7      | Reached skill level 7 in Stealth
  6120 | D:7      | Found Ciemm's Assorted Antiques.
  6121 | D:7      | Noticed Jeremiah
  6147 | D:7      | Killed Jeremiah
  6207 | D:7      | Reached skill level 8 in Stealth
  6264 | D:7      | Bought a fuming pink potion for 31 gold pieces
  6336 | D:7      | Reached skill level 5 in Armour
  6427 | D:7      | Found Iwonype's Magic Scroll Emporium.
  6443 | D:7      | Noticed Joseph
  6446 | D:7      | Noticed a boulder beetle
  6456 | D:7      | Killed Joseph
  6457 | D:7      | Reached XP level 10. HP: 76/76 MP: 10/10
  6679 | D:8      | Noticed Erica
  6685 | D:8      | Killed Erica
  6686 | D:8      | Reached skill level 9 in Stealth
  7671 | D:8      | Reached skill level 10 in Stealth
  7843 | D:8      | Noticed Psyche
  7854 | D:8      | Killed Psyche
  8290 | D:9      | Reached **** piety under Trog
  8314 | D:9      | Reached skill level 11 in Stealth
  8334 | D:9      | Reached XP level 11. HP: 48/67 MP: 11/11
  8649 | D:9      | Noticed a centaur warrior
  8652 | D:9      | Killed a centaur warrior
  8847 | D:9      | Found a staircase to the Lair.
  8919 | D:9      | Found a staircase to the Orcish Mines.
  9292 | D:9      | Found a hide-covered altar of Uskayaw.
  9328 | D:9      | Found a bloodstained altar of Trog.
  9436 | D:9      | Noticed an obsidian statue
  9438 | D:9      | Identified the ring of Ylemug {Wiz rC+}
  9446 | D:9      | Noticed a sun demon
  9465 | D:10     | Entered Level 10 of the Dungeon
  9849 | D:10     | Noticed Lodul
  9883 | D:10     | Killed Lodul
 10155 | D:10     | Slain by a troll

Illustrated notes

Levels and vault maps discovered:
D:1:      ldierk_walled_garden, layout_loops_ring
D:2:      kennysheep_big_flooded_room, layout_loops_ring, uniq_terence,
          uniq_sigmund, uniq_robin
D:3:      layout_basic, mainiacjoe_overflow_24_doors, minmay_starry_boxes
D:4:      layout_basic, mainiacjoe_overflow_boulevard,
          minmay_temple_entry_gardened_gates, serial_corexii_hall,
          corexii_hall_statues_l, corexii_hall_statues_t, uniq_edmund
D:5:      layout_basic, mainiacjoe_overflow_paths, nicolae_ru_path_of_blood,
          kennysheep_nondescript, amcnicky_mini_rare_corridor_liquid,
          nicolae_elevator_lobby_asterisk
D:6:      kb_forest_paths, layout_basic, grunt_dithmenos_shadows,
          mainiacjoe_overflow_chevrons
D:7:      layout_rooms, dk_yredelemnul_ordeal, pdpol_wu_jian_five_deadly_venoms,
          serial_glass, glass_columns_a, glass_columns_b, glass_columns_a,
          glass_columns_b, glass_columns_b, glass_columns_b, serial_shops, shop,
          nicolae_shop_overgrown_old_shop, nicolae_shop_trees,
          nicolae_inconvenience_store, minmay_manual_mess, uniq_joseph,
          uniq_maggie, uniq_menkaure, uniq_duvessa, uniq_jeremiah
D:8:      minmay_weird_star, layout_basic, uniq_psyche, uniq_erica
D:9:      layout_loops_corners, eat_drink_and_be_merry_uskayaw, bloody_trog,
          nicolae_elyvilon_temple_path, minmay_lair_entry_grove,
          hiddenorc2_lemuel, minmay_protected_statue
D:10:     layout_basic, tso_metal_star, uniq_lodul

Skill      XL: |  1  2  3  4  5  6  7  8  9 10 11 |
---------------+----------------------------------+-----
Fighting       | 3 4 6 7 |  7.9
Armour         | 2 3 5 6 |  6.9
Short Blades   | 4 6 8 10 | 10.0
Stealth        | 1 5 8 11 | 11.9
Dodging        | 3 5 6 8 9 |  9.1

Action                     |  1- 3 |  4- 6 |  7- 9 | 10-12 || total
---------------------------+-------+-------+-------+-------++-------
  Melee: Short sword       |   112 |       |       |       ||   112
         Bite              |    12 |    21 |    72 |   125 ||   230
         Punch             |     2 |     1 |     3 |     7 ||    13
         Dagger            |    28 |   141 |   545 |   755 ||  1469
  Throw: Throwing net      |       |     1 |     2 |       ||     3
 Invoke: Berserk           |     2 |     4 |     8 |     6 ||    20
         Trog's Hand       |       |       |     5 |     3 ||     8
         Brothers in Arms  |       |       |       |     1 ||     1
Ability: Exsanguinate      |       |       |       |     1 ||     1
    Use: Scroll            |     2 |       |    13 |     6 ||    21
         Potion            |       |       |       |     5 ||     5
   Stab: Sleeping          |     2 |       |     4 |     7 ||    13
         Distracted        |       |       |     1 |       ||     1
         Invisible         |       |       |       |     7 ||     7
 Armour: Animal skin       |    67 |     3 |       |       ||    70
         Scale mail        |       |    48 |       |       ||    48
         Ring mail         |       |    18 |   151 |       ||   169
         Acid dragon scale |       |       |    50 |   219 ||   269
         Troll leather arm |       |       |       |    16 ||    16
  Dodge: Dodged            |   106 |    57 |   187 |   331 ||   681
